 Dungeon Crawl Stone Soup version 0.29.1-1-gd02db69 (webtiles) character file.

Game seed: 6180687151381869373

28 Vaargak the Sneak (level 3, -3/26 HPs)
             Began as an Octopode Delver on Sept 27, 2022.
             Was an Initiate of Hepliaklqana.
             Slain by a black bear (5 damage)
             ... on level 6 of the Dungeon.
             The game lasted 00:04:05 (229 turns).

Vaargak the Sneak (Octopode Delver)                  Turns: 229, Time: 00:04:06

Health: -3/26      AC:  1    Str: 11    XL:     3   Next: 12%
Magic:  3/3        EV: 13    Int: 12    God:    Hepliaklqana [......]
Gold:   0          SH:  0    Dex: 15    Spells: 2/2 levels left

rFire   . . .      SeeInvis .   a - +0 short sword
rCold   . . .      Faith    .   (no shield)
rNeg    . . .      Spirit   .   (helmet restricted)
rPois   .          Reflect  .   (no amulet)
rElec   .          Harm     .   (no ring)
rCorr   .          Rampage  .   (no ring)
Will    .....                   (no ring)
Stlth   +++++.....              (no ring)
HPRegen 0.08/turn               (no ring)
MPRegen 0.08/turn               (no ring)
                                (no ring)
                                (no ring)

@: no status effects
A: almost no armour, amphibious, 8 rings, camouflage 1, gelatinous body 1,
(nimble swimmer 1), tentacles
a: Renounce Religion


You were on level 6 of the Dungeon.
You worshipped Hepliaklqana.
Hepliaklqana was noncommittal.
You visited 1 branch of the dungeon, and saw 2 of its levels.

Inventory:

Hand Weapons
 a - a +0 short sword (weapon)
Wands
 f - a wand of digging (3)
Scrolls
 b - a scroll of fog
 c - a scroll of magic mapping
 d - a scroll of fear
Potions
 e - a potion of haste


   Skills:
 + Level 3.2 Fighting
 + Level 2.1 Short Blades
 + Level 2.1 Dodging
 + Level 7.5 Stealth


You had 2 spell levels left.
You didn't know any spells.
Your spell library was empty.

Dungeon Overview and Level Annotations

Branches:
Dungeon (6/15)
 Temple: D:4-7

Altars:
Ashenzari
Cheibriados
Dithmenos
Hepliaklqana
Ru


Innate Abilities, Weirdness & Mutations

You cannot wear most types of armour.
You are amphibious.
You can wear up to eight rings at the same time.
Your skin changes colour to match your surroundings (Stealth+).
Your rubbery body absorbs attacks. (AC +1, EV +1)
((You are camouflaged when in or above water. (Stealth+)))
You have tentacles for arms and can constrict up to eight enemies at once.


Message History

You constrict the black bear. The black bear completely misses you.
The black bear closely misses you. The black bear claws you.
You hit the black bear.
The black bear is moderately wounded.
You constrict the black bear.
The black bear bites you but does no damage.
The black bear claws you. The black bear closely misses you.
You hit the black bear but do no damage.
The black bear is moderately wounded.
You constrict the black bear. The black bear bites you.
The black bear claws you but does no damage.
The black bear claws you.
You hit the black bear. You squeeze the black bear.
The black bear is moderately wounded.
You constrict the black bear. The black bear misses you.
The black bear barely misses you. The black bear claws you.
* * * LOW HITPOINT WARNING * * *
You hit the black bear but do no damage.
The black bear is heavily wounded.
You constrict the black bear. The black bear barely misses you. x2
The black bear closely misses you.
You hit the black bear.
The black bear is heavily wounded.
You constrict the black bear.
A wight comes into view. It is wielding a +2 scimitar.
The black bear bites you.
* * * LOW HITPOINT WARNING * * *
The black bear claws you but does no damage.
The black bear barely misses you.
You hit the black bear.
The black bear is severely wounded.
You constrict the black bear.
The black bear goes berserk!
The wight misses you.
You hit the black bear.
The black bear is severely wounded.
You constrict the black bear. The black bear barely misses you.
The black bear claws you.
* * * LOW HITPOINT WARNING * * *
The black bear claws you.
You die...

.. #+#### ..z... #.#..#
z:.... #^#..##
...>..##...†.#
......######.#
#+#..z..##.#### ######
#.#..##.#.....##......
#.#.....z.z...........
#.#....##.##.z@.......
#....#.#...#.##h##....
##....#.......# ..# #
#.....#.#...#.......
#..#+##.##.#..#.".#..
##..#.#.........#.##(.#
....#.#.##.#O....... .#
###.#.# .. #..#.##.# #
#...# ... ..#... .#


You could see a black bear (berserk) and 3 wights.

Vanquished Creatures
  A hound (D:6)
1 creature vanquished.

Notes
Turn   | Place    | Note
-------+----------+-------------------------------------------
     0 | D:5      | Vaargak the Octopode Delver began the quest for the Orb.
     0 | D:5      | Reached XP level 1. HP: 16/16 MP: 1/1
     2 | D:5      | Found a sacrificial altar of Ru.
    23 | D:5      | Became a worshipper of Hepliaklqana the Forgotten
    50 | D:6      | Noticed a wight
    61 | D:6      | Noticed an ogre
    61 | D:6      | Noticed a hound
    74 | D:6      | Killed a hound
    75 | D:6      | Reached skill level 7 in Stealth
    75 | D:6      | Reached XP level 2. HP: 12/21 MP: 2/2
    75 | D:6      | Reached XP level 3. HP: 15/26 MP: 3/3
    90 | D:6      | Noticed a wight
    92 | D:6      | Noticed a wight
   206 | D:6      | Noticed a black bear
   211 | D:6      | Noticed a wight
   227 | D:6      | Noticed a wight
   229 | D:6      | Slain by a black bear

Illustrated notes

Levels and vault maps discovered:
D:5:      layout_layer_cave, nicolae_overflow_hidden_temple, serial_shops, shop,
          uniq_menkaure
D:6:      layout_basic, hangedman_decor_clover_reticule, hangedman_decor_push,
          uniq_maggie

Skill      XL: |  1 |
---------------+----+-----
Stealth        | 7 |  7.5
Fighting       | |  3.2
Short Blades   | |  2.1
Dodging        | |  2.1

Action                   || total
-------------------------++-------
Melee: Short sword       ||    14
       Tentacles         ||     4
       Constrict         ||     2
Armor: Skin              ||     3
Dodge: Dodged            ||    18
